Map: Vigília Leste LE

Players

gabrielgio - Winner!

  • Race: Terran Terran
  • League: Silver
  • Spawn Location: 1:00

IagoAbreu

  • Race: Terran Terran
  • League: Silver
  • Spawn Location: 7:00

VOD

Have the link to the VOD?

Description

Time

  • Played on: Feb. 24, 2018, 9:07 p.m.
  • Length: 19:55
Show
View Real Time Build Order
Export as new Build Order

gabrielgio Terran - Winner!

Build Orders:  

Get SALT Encoding   

  12  0:02  SCV  
  13  0:18  SCV  
  13  0:20  Supply Depot  
  14  0:30  Refinery  
  14  0:46  SCV, Barracks  
  15  0:58  SCV  
  16  1:10  SCV, Supply Depot  
  17  1:23  SCV  
  18  1:35  SCV  
  19  1:41  Factory  
  19  1:47  Orbital Command  
  19  2:10  Marine  
  20  2:19  Command Center  
  20  2:24  Factory Tech Lab  
  20  2:27  SCV, Marine  
  22  2:40  SCV  
  23  2:45  Marine  
  23  2:51  Starport  
  24  2:58  SCV  
  24  3:00  Refinery  
  24  3:03  Marine  
  26  3:13  SCV  
  26  3:15  Siege Tank  
  30  3:21  Marine  
  31  3:28  Engineering Bay  
  31  3:31  SCV  
  32  3:35  Supply Depot  
  32  3:38  Supply Depot, Starport Reactor  
  32  3:43  Medivac  
  34  3:55  SCV  
  34  3:57  Barracks Tech Lab  
  34  3:58  Orbital Command  
  35  4:13  SCV  
  36  4:25  Barracks  
  36  4:27  Barracks  
  36  4:31  SCV  
  36  4:32  SCV  
  38  4:39  Marine  
  38  4:40  Siege Tank  
  38  4:43  SCV, Starport Reactor  
  44  4:57  Marine  
  44  5:13  Siege Tank  
  47  5:14  Marine  
  48  5:32  Marine  
  41  5:45  Siege Tank  
  44  6:00  Orbital Command  
  44  6:04  Marine x3  
  47  6:22  Marine x2  
  47  6:24  Orbital Command  
  49  6:30  Marine  
  49  6:32  Medivac x2  
  54  6:39  Marine  
  54  6:44  Marine  
  56  6:48  Marine  
  56  6:52  SCV x2  
  59  7:20  Marine x2  
  59  7:21  Marine  
  62  7:29  SCV x2  
  64  7:34  Refinery  
  64  7:38  Marine x2, Refinery  
  64  7:39  Marine  
  64  7:41  SCV x2  
  69  7:53  SCV  
  70  8:06  Marine  
  70  8:07  Supply Depot  
  70  8:08  Supply Depot  
  70  8:09  Supply Depot  
  70  8:10  Marine  
  70  8:11  Orbital Command  
  70  8:12  Supply Depot  
  66  8:30  Supply Depot  
  66  8:33  Orbital Command  
  58  8:53  Marine  
  59  9:03  Barracks Tech Lab  
  59  9:06  Stimpack  
  59  9:18  Starport  
  59  9:20  Missile Turret  
  59  9:25  SCV  
  59  9:26  SCV  
  61  9:37  SCV  
  63  9:38  SCV  
  63  9:45  Marine x2  
  63  9:46  Marine  
  66  9:56  Starport Tech Lab  
  66  9:58  SCV x2  
  68  10:03  Marine x2  
  70  10:11  Medivac  
  70  10:12  Medivac  
  74  10:19  Marine  
  74  10:21  Marine x2  
  75  10:23  Command Center  
  77  10:37  Marine  
  77  10:40  SCV x2  
  77  10:41  Medivac  
  82  10:52  SCV  
  82  10:53  SCV  
  84  10:57  Banshee  
  87  11:06  SCV x2  
  89  11:12  Terran Infantry Weapons Level 1  
  89  11:18  SCV x2  
  91  11:19  Missile Turret  
  91  11:24  Marine  
  91  11:25  Marine  
  94  11:28  Combat Shields  
  94  11:30  SCV  
  95  11:34  Barracks Reactor  
  95  11:39  Missile Turret  
  94  11:40  Banshee  
  94  11:43  Marauder x2  
  101  12:00  Missile Turret  
  101  12:02  Medivac x2  
  101  12:04  Siege Tank, Marauder x2  
  101  12:07  SCV x3  
  115  12:12  Refinery  
  115  12:21  Missile Turret  
  115  12:23  Medivac  
  115  12:25  Marine x2  
  119  12:40  Missile Turret  
  119  12:43  Marine x2  
  109  13:03  Missile Turret  
  104  13:17  Cloaking Field  
  103  13:23  Missile Turret  
  103  13:39  SCV  
  103  13:40  SCV x2  
  106  13:52  SCV x2  
  108  14:04  Marine x4  
  108  14:05  Siege Tank  
  108  14:07  Banshee  
  118  14:19  Armory  
  118  14:20  SCV x2  
  118  14:22  Marine x2  
  118  14:23  Marauder  
  124  14:39  Supply Depot  
  124  14:40  Marine  
  124  14:41  Supply Depot  
  125  15:00  Siege Tank  
  125  15:01  Marauder x2  
  125  15:02  Supply Depot, Banshee  
  125  15:05  Supply Depot  
  129  15:26  Supply Depot  
  127  15:30  Supply Depot  
  127  15:31  Marine x4  
  127  15:33  Siege Tank  
  134  15:45  Banshee  
  134  15:49  Marine x4  
  141  15:50  Supply Depot  
  135  16:08  Marine x4  
  133  16:26  Marine x4  
  133  16:28  Banshee  
  123  16:43  Marine  
  123  16:44  Reaper  
  123  16:46  Planetary Fortress  
  119  17:04  Marine x3  
  122  17:10  Banshee  
  125  17:16  Marine  
  125  17:22  Marine x3  
  129  17:31  SCV x3  
  129  17:33  Marine  
  133  17:40  Marine  
  133  17:43  SCV  
  135  17:52  Marine x3  
  135  17:53  Banshee  
  135  17:58  Marine  
  142  18:02  Supply Depot  
  142  18:03  Supply Depot  
  142  18:05  Supply Depot  
  142  18:10  Marine x3  
  145  18:15  Marine  
  146  18:25  Supply Depot  
  146  18:26  Supply Depot  
  146  18:28  Marine x3  
  146  18:31  Medivac x2  
  146  18:33  Marine  
  154  18:34  Refinery  
  154  18:36  Command Center, Banshee  
  157  18:59  Marine x3  
  157  19:00  Marauder  
  157  19:01  Siege Tank, Medivac x2  
  169  19:17  Marine x2  
  169  19:18  Marauder  
  169  19:21  Marauder  
  178  19:35  Marine  
  188  19:52  Command Center  
Show
View Real Time Build Order
Export as new Build Order

IagoAbreu Terran 

Build Orders:  

Get SALT Encoding   

  12  0:02  SCV  
  13  0:18  SCV  
  13  0:19  Supply Depot  
  14  0:32  Supply Depot  
  14  0:35  SCV  
  15  0:42  Supply Depot  
  15  0:58  SCV  
  16  1:07  Barracks  
  16  1:10  SCV  
  17  1:36  Command Center  
  17  1:42  Refinery  
  17  1:47  Refinery  
  17  1:59  SCV  
  18  2:11  SCV  
  19  2:16  Marine  
  20  2:23  SCV  
  20  2:25  Barracks  
  21  2:34  Marine  
  21  2:36  Orbital Command  
  22  2:53  Barracks Reactor  
  22  3:01  Orbital Command  
  22  3:14  SCV  
  22  3:19  Engineering Bay  
  23  3:21  Barracks Tech Lab  
  23  3:26  SCV  
  23  3:27  SCV  
  25  3:39  SCV  
  27  3:41  Reaper x2  
  28  3:50  Combat Shields  
  28  3:54  Marauder  
  30  3:57  SCV  
  30  4:00  Terran Infantry Weapons Level 1  
  31  4:05  Engineering Bay  
  31  4:08  Factory  
  31  4:13  Reaper x2  
  31  4:15  Marauder  
  35  4:23  SCV  
  36  4:35  SCV  
  37  4:48  SCV  
  37  4:49  Reaper x2  
  40  5:00  SCV  
  40  5:05  Ghost Academy  
  41  5:12  SCV  
  42  5:16  Terran Infantry Armor Level 1  
  42  5:21  Factory Tech Lab  
  33  6:01  Ghost Academy  
  33  6:04  Personal Cloaking  
  33  6:08  Ghost  
  35  6:13  SCV  
  36  6:18  Refinery  
  36  6:20  Refinery  
  36  6:24  Siege Tank  
  36  6:25  SCV  
  40  6:28  Marine x2  
  42  6:34  SCV  
  42  6:37  SCV  
  44  6:45  Ghost  
  44  6:46  Marine x2  
  44  6:47  SCV  
  49  6:49  SCV  
  50  6:59  SCV  
  49  7:01  SCV  
  49  7:04  Marine x2  
  48  7:11  SCV  
  48  7:22  Marine x2  
  47  7:23  SCV  
  48  8:16  Ghost  
  48  8:46  Nuke  
  48  8:54  Command Center  
  46  9:09  Starport  
  46  9:15  Command Center  
  46  9:29  Refinery  
  46  9:41  Refinery  
  44  10:02  Ghost  
  44  10:03  Reaper x2  
  48  10:09  Orbital Command  
  48  10:34  SCV  
  48  10:35  Reaper x2  
  51  10:46  SCV  
  52  10:58  SCV  
  53  11:07  Reaper  
  53  11:08  Reaper  
  53  11:10  SCV  
  56  11:12  Starport Tech Lab  
  56  11:17  Starport  
  56  11:20  Armory  
  56  11:22  SCV  
  56  11:23  Armory  
  57  11:35  Supply Depot  
  57  11:37  Supply Depot  
  57  11:39  Reaper  
  58  11:42  Marine  
  59  11:50  Siege Tank  
  59  11:53  Barracks Reactor  
  62  12:00  Marine, Supply Depot  
  62  12:01  Supply Depot, Banshee  
  66  12:08  SCV  
  67  12:11  Marine  
  68  12:17  Marine  
  68  12:20  SCV  
  68  12:22  Siege Tank  
  73  12:29  Marine  
  74  12:32  SCV  
  74  12:35  Marine  
  76  12:43  Banshee  
  76  12:44  SCV  
  76  12:47  Marine  
  78  12:52  SCV, Refinery  
  78  12:53  Marine  
  78  12:54  Siege Tank  
  78  12:56  SCV  
  84  13:04  SCV, Marine  
  82  13:16  SCV  
  81  13:26  Marine x3  
  81  13:27  Marine  
  81  13:28  SCV  
  83  13:44  Marine x4, Medivac  
  83  13:45  Medivac  
  83  13:48  Cloaking Field  
  91  13:54  Hyperflight Rotors  
  91  13:57  Terran Ship Weapons Level 1  
  91  13:59  Terran Vehicle And Ship Armor Level 1  
  91  14:02  Marine x4  
  95  14:20  Marine x4  
  95  15:22  Liberator x2  
  101  15:32  Marine x2  
  101  15:35  Marine x2  
  105  15:50  Marine x2  
  105  15:53  Marine x2  
  97  16:11  Marine x2  
  35  17:05  Barracks  
  35  17:07  Barracks  
  29  17:15  Barracks  
  26  17:33  Factory Reactor  
  26  17:35  Barracks x2  
  21  17:46  Starport  
  16  17:53  Armory, Starport Reactor  
  16  18:29  Barracks Reactor x2  
  16  18:31  Starport Reactor  
  14  19:11  Marine  
  14  19:13  Marine x2  
Tags
 
Add a new tag
Caveats
  • Supply blocks, unpowered buildings, or Contaminate may cause inaccurate times.
  • Supply counts are checked every 10 seconds.